 Dungeon Crawl Stone Soup version 0.18-a0-1577-gf591c28 (webtiles) character file.

58 HandofTrog the Ruffian (level 3, -1/36 HPs)
             Began as a Troll Monk on Mar 17, 2016.
             Slain by Sigmund
             ... wielding a +0 scythe
              (12 damage)
             ... on level 2 of the Dungeon.
             The game lasted 00:02:45 (1123 turns).

HandofTrog the Ruffian (Troll Monk)                 Turns: 1123, Time: 00:02:46

Health: -1/36      AC:  5    Str: 19    XL:     3   Next: 76%
Magic:  2/2        EV: 10    Int:  6    God:
Gold:   41         SH:  0    Dex: 13    Spells: 0 memorised, 2 levels left

rFire  . . .     SeeInvis .       - Unarmed
rCold  . . .     Gourm    +     a - +0 robe
rNeg   . . .     Faith    .     (no shield)
rPois  .         Spirit   .     (helmet restricted)
rElec  .         Dismiss  .     (no cloak)
rCorr  .         Reflect  .     (gloves unavailable)
SustAt .         Harm     .     (boots unavailable)
MR     .....                    (no amulet)
Stlth  +.........               (no ring)
                                (no ring)

@: not resistant to hostile enchantments, very unstealthy
A: unfitting armour, claws 3, fast metabolism 3, gourmand, regeneration 2,
shaggy fur 1, tough skin 2
a: no special abilities


You were on level 2 of the Dungeon.
You were not hungry.

You visited 1 branch of the dungeon, and saw 2 of its levels.

You collected 41 gold pieces.

Inventory:

Missiles
 i - 2 javelins (quivered)
Armour
 a - a +0 robe (worn)
Scrolls
 c - a scroll of remove curse {unknown}
 d - 2 scrolls of enchant weapon {unknown}
 e - 2 scrolls of teleportation {unknown}
 f - a scroll of identify {unknown}
 h - a scroll of random uselessness {unknown}
 j - a scroll of noise {unknown}
 l - a scroll of immolation {unknown}
Potions
 g - 4 potions of might {unknown}
Comestibles
 b - 4 bread rations
 k - a beef jerky


   Skills:
 - Level 2.4 Fighting
 - Level 2.4 Dodging
 - Level 1.1 Stealth
 + Level 5.4 Unarmed Combat


You had 2 spell levels left.
You didn't know any spells.

Dungeon Overview and Level Annotations

Branches:
Dungeon (2/15)

Altars:
Makhleb
Ru

Annotations:
D:2 Sigmund


Innate Abilities, Weirdness & Mutations

You are too large for most types of armour.
You have claws for hands.
Your metabolism is lightning-fast.
You like to eat raw meat.
You heal very quickly.
You are covered in fur (AC +1).
You have very tough skin (AC +2).


Message History

Deactivating autopickup; reactivate with Ctrl-A.
You scratch the hobgoblin.
You kill the hobgoblin!
You are confused.
You see here a club.
You bump into the rock wall.
Something hits you.
You bump into the rock wall.
Something hits you but does no damage.
A puff of flame appears from out of thin air!
The puff of flame misses you.
You feel less confused.
You hear some strange, mumbled words.
Something tries to affect you, but you resist.
Something hits you. Something hits you! Something hits you.
Something hits you but does no damage. Something hits you!
You completely miss something. Something hits you!
You die...

.# ##....#.###..# .# #.....#.#
#..# ## # ##....#.###..#
###.######.#........#
#..........##.###.####.# #..
#.....)...>..# #.# #..#
#####.##'##### #.#
#.#######.#...## #..
#####.....@{......<## ### #
#####....)....###.......## ##.
###.............##.........####..
..≈.≈............'.........+.....
#≈.≈.≈#..##...#.##.........####..
##...##..##..##.###.......## ##.
##.≈(##.........# ##(....## ##
##...###........# ##...## #
##.≈.# ####.##### ##### #


There were no monsters in sight!

Vanquished Creatures
  An adder (D:2)
  4 dart slugs
  A ball python (D:1)
  3 bats
  2 giant cockroaches
  9 goblins
  6 hobgoblins
  3 jackals (D:2)
  4 giant newts
  2 kobolds (D:1)
  3 rats
38 creatures vanquished.

Notes
Turn   | Place    | Note
--------------------------------------------------------------
     0 | D:1      | HandofTrog the Troll Monk began the quest for the Orb.
     0 | D:1      | Reached XP level 1. HP: 22/22 MP: 0/0
    65 | D:1      | Reached XP level 2. HP: 26/29 MP: 1/1
   585 | D:2      | Reached skill level 5 in Unarmed Combat
   585 | D:2      | Reached XP level 3. HP: 36/36 MP: 2/2
   607 | D:2      | Found a sacrificial altar of Ru.
  1041 | D:2      | Found a burning altar of Makhleb.
  1106 | D:2      | Noticed Sigmund
  1123 | D:2      | Slain by Sigmund

Vault maps used:
D:1:      tarquinn_simple_flora_water_e
D:2:      nicolae_overflow_hidden_temple, nicolae_ru_path_of_blood, uniq_sigmund

Skill      XL: |  1  2 |
---------------+-------+-----
Unarmed Combat | 5 |  5.4
Fighting       | |  2.4
Dodging        | |  2.4
Stealth        | |  1.1

Action                   || total
-------------------------++-------
Melee: Unarmed           ||    77
 Stab: Sleeping          ||     2
  Eat: Chunk             ||    11
